 Dungeon Crawl Stone Soup version 0.29-a0-234-g0dae59b3db (webtiles) character file.

Game seed: 1699664246723864273

2 spaghetti the Sneak (level 1, -4/16 HPs)
             Began as an Octopode Delver on Mar 3, 2022.
             Slain by a black bear (7 damage)
             ... on level 5 of the Dungeon.
             The game lasted 00:00:07 (43 turns).

spaghetti the Sneak (Octopode Delver)                 Turns: 43, Time: 00:00:07

Health: -4/16      AC:  1    Str: 11    XL:     1   Next: 30%
Magic:  1/1        EV: 13    Int: 12    God:
Gold:   17         SH:  0    Dex: 13    Spells: 0/0 levels left

rFire   . . .      SeeInvis .   a - +0 falchion {long}
rCold   . . .      Faith    .   (no shield)
rNeg    . . .      Spirit   .   (helmet restricted)
rPois   .          Reflect  .   (no amulet)
rElec   .          Harm     .   (no ring)
rCorr   .          Rampage  .   (no ring)
Will    .....                   (no ring)
Stlth   ++++......              (no ring)
HPRegen 0.05/turn               (no ring)
MPRegen 0.07/turn               (no ring)
                                (no ring)
                                (no ring)

@: no status effects
A: almost no armour, amphibious, 8 rings, camouflage 1, gelatinous body 1,
(nimble swimmer 1), tentacles
a: no special abilities


You were on level 5 of the Dungeon.
You visited 1 branch of the dungeon, and saw 1 of its levels.

You collected 17 gold pieces.


Innate Abilities, Weirdness & Mutations

You cannot wear most types of armour.
You are amphibious.
You can wear up to eight rings at the same time.
Your skin changes colour to match your surroundings (Stealth+).
Your rubbery body absorbs attacks. (AC +1, EV +1)
((You are camouflaged when in or above water. (Stealth+)))
You have tentacles for arms and can constrict up to eight enemies at once.


   Skills:
 - Level 3.0 Fighting
 - Level 2.0 Long Blades
 - Level 2.0 Dodging
 + Level 6.7 Stealth


You couldn't memorise any spells.
You didn't know any spells.
Your spell library contained the following spells:

 Spells                   Type           Power      Damage    Failure   Level
 Sandblast                Erth           0%         2d4       32%         1
 Passwall                 Tmut/Erth      0%         N/A       45%         2
 Stone Arrow              Conj/Erth      0%         3d7       69%         3

Inventory:

Hand Weapons
 a - a +0 falchion (weapon) {long}
Wands
 f - a wand of digging (3)
Scrolls
 b - a scroll of fog
 c - a scroll of magic mapping {!r}
 d - a scroll of fear
Potions
 e - a potion of haste {@q3}

Dungeon Overview and Level Annotations

Branches:
Dungeon (5/15)
 Temple: D:4-7

Altars:

##........
#...........
##..........#
#...........#
#..........#
#..........#
#...o.....#
#..@o)....#
##..h....## ##
#.......# #...
#....#.###....
###.#.###.....
###.##......
#.##.......
#.#........
#.#........+


You could see a black bear and 2 orcs.


Message History

🤖 Initializing magus.rc ...
Options error: Delay interrupt name "hungry" not recognised. (~/.crawlrc:4761) Options error: Bad monster_list_colour key: strict_neutral (~/.crawlrc:4776) ✅ Successfully initialized magus.rc [v1.9.6] Welcome, spaghetti the Octopode Delver.
Are you destined to find the fabulous Orb of Zot, or to die trying?
Press ? for a list of commands and other information.
Found 17 gold pieces.
Found a stone staircase leading down.
You now have 17 gold pieces.
You pick up a book of Geomancy and begin reading...
You add the spells Sandblast, Passwall and Stone Arrow to your library.
An orc comes into view.
It is wielding a +0 whip. 2 orcs come into view.
The orc shouts! x2; You hear an angry growl.
The orc hits you with a +0 whip.
A black bear comes into view. 😕 HP[-3]
You take 3 damage, and now have 13/16 hp.
You barely miss the orc.
The orc shouts!
Your grab misses the orc. The orc hits you but does no damage.
You closely miss the orc. You grab the orc. You tentacle-slap the orc.
You constrict the orc, but do no damage.
The orc hits you with a +0 whip. 😮 HP[-4]
You take 4 damage, and now have 9/16 hp.
MASSIVE DAMAGE!! (PAUSE)
You slash the orc!
You kill the orc!
The orc hits you with a +0 dagger.
* * * LOW HITPOINT WARNING * * *
😨 HP[-3]
You take 3 damage, and now have 6/16 hp.
You hit the orc but do no damage. You grab the orc.
Your squeeze misses the orc. You constrict the orc.
The orc hits you with a +0 club.
* * * LOW HITPOINT WARNING * * *
The orc barely misses you. 😱 HP[-2]
You take 2 damage, and now have 4/16 hp.
You hit the orc. You constrict the orc. The orc hits you with a +0 club.
* * * LOW HITPOINT WARNING * * *
The orc closely misses you. The black bear bites you!
You die...

Action                   || total
-------------------------++-------
Melee: Falchion          ||     5
       Constrict         ||     2
       Punch             ||     1
Armor: Skin              ||     1
Dodge: Dodged            ||     2

Levels and vault maps discovered:
D:5:      layout_cave_pods, fiery_altar_vehumet, jmf_multi_god_temple,
          minmay_temple_entry_poolview, serial_park_tiny_1, uniq_ijyb,
          uniq_pikel

Notes
Turn   | Place    | Note
-------+----------+-------------------------------------------
     0 | D:5      | spaghetti the Octopode Delver began the quest for the Orb.
     0 | D:5      | Reached XP level 1. HP: 16/16 MP: 1/1
     0 | D:5      | magus.rc [v1.9.6]
    28 | D:5      | You pick up a book of Geomancy and begin reading...
    28 | D:5      | You add the spells Sandblast, Passwall and Stone Arrow to
                  | your library.
    36 | D:5      | Noticed a black bear
    42 | D:5      | HP: 4/16 [orc/+0 club (2)]
    43 | D:5      | Slain by a black bear

Vanquished Creatures
  An orc (D:5)
1 creature vanquished.

Table legend:
 A = Non-vault XP
 B = Vault XP
 C = Vault XP percentage of total XP
 D = Non-vault monster count
 E = Vault monster count
 F = Vault count percentage of total count
                 A         B        C        D         E       F
            +---------+---------+-------+---------+---------+-------
      Total |       3 |       0 |   0.0 |       1 |       0 |   0.0
            +---------+---------+-------+---------+---------+-------
        D:5 |       3 |       0 |   0.0 |       1 |       0 |   0.0
            +---------+---------+-------+---------+---------+-------

Illustrated notes

Table legend:
 A = Kills in this place as a percentage of kills in entire the game.
 B = Kills by you in this place as a percentage of kills by you in the entire game.
 C = Kills by friends in this place as a percentage of kills by friends in the entire game.
 D = Other kills in this place as a percentage of other kills in the entire game.
 E = Experience gained in this place as a percentage of experience gained in the entire game.
 F = Experience gained in this place divided by the number of levels of this place that you have seen.
                   A       B       C       D       E      F
               +-------+-------+-------+-------+-------+----------------------
         Total | 100.0 | 100.0 |   N/A |   N/A | 100.0 |   3.0
       Dungeon | 100.0 | 100.0 |   N/A |   N/A | 100.0 |   3.0
               +-------+-------+-------+-------+-------+----------------------

Table legend: (Time is in decaauts)
 A = Elapsed time spent in this place.
 B = Non-inter-level travel time spent in this place.
 C = Inter-level travel time spent in this place.
 D = Time resting spent in this place.
 E = Time spent auto-exploring this place.
 F = Levels seen in this place.
 G = Mean time per level.
                   A        B        C        D        E       F      G
               +--------+--------+--------+--------+--------+-----+--------+
         Total |     43 |     43 |      0 |      0 |     31 |   1 |   43.0 |
       Dungeon |     43 |     43 |      0 |      0 |     31 |   1 |   43.0 |
               +--------+--------+--------+--------+--------+-----+--------+

Top non-repeatable levels by time:
     D:5: 43 daAuts
